 Dungeon Crawl Stone Soup version 0.28.0 (webtiles) character file.

Game seed: 12533039055906792165

781 Hasart the Insei (level 7, -1/46 HPs)
             Began as an Octopode Transmuter on Feb 17, 2022.
             Slain by a two-headed ogre (27 damage)
             ... on level 5 of the Dungeon.
             The game lasted 00:10:31 (6051 turns).

Hasart the Insei (Octopode Transmuter)              Turns: 6051, Time: 00:10:32

Health: -1/46      AC:  6    Str:  9    XL:     7   Next: 85%
Magic:  9/11       EV: 20    Int: 24    God:
Gold:   196        SH:  0    Dex: 17    Spells: 2/12 levels left

rFire   . . .      SeeInvis .     - Unarmed
rCold   . . .      Faith    .   (shield currently unavailable)
rNeg    . . .      Spirit   .   (helmet currently unavailable)
rPois   x          Reflect  .   (no amulet)
rElec   .          Harm     .   b - +6 ring of intelligence
rCorr   .          Rampage  .   g - +4 ring of protection
Will    .....                   (no ring)
Stlth   ++........              (no ring)
HPRegen 0.15/turn               (no ring)
MPRegen 0.12/turn               (no ring)
                                (no ring)
                                (no ring)

@: spider-form, wereblooded (expiring)
A: venomous fangs, almost no armour, (amphibious), 8 rings, tiny, (camouflage
1), (gelatinous body 1), (nimble swimmer 1), (tentacles)
a: End Transformation


You were on level 5 of the Dungeon.
You were a venomous arachnid creature.
You visited 1 branch of the dungeon, and saw 5 of its levels.

You collected 196 gold pieces.

Inventory:

Jewellery
 b - a +6 ring of intelligence (left front leg)
 f - a ring of ice
 g - a +4 ring of protection (right front leg)
 o - an amulet of magic regeneration
Scrolls
 a - 2 scrolls of enchant weapon {unknown}
 e - a scroll of fear {unknown}
 i - 4 scrolls of identify {unknown}
 k - 2 scrolls of teleportation {unknown}
 l - 2 scrolls of enchant armour {unknown}
 m - a scroll of summoning {unknown}
 q - a scroll of amnesia {unknown}
 r - a scroll of noise {unknown}
Potions
 c - 2 potions of attraction {unknown}
 d - a potion of lignification {unknown}
 h - a potion of berserk rage {unknown}
 j - a potion of heal wounds {unknown}
 n - a potion of mutation {unknown}
 p - a potion of flight {unknown}
 s - a potion of degeneration {unknown}


   Skills:
 + Level 3.0 Fighting
 + Level 3.4 Dodging
 * Level 5.1 Unarmed Combat
 + Level 3.2 Spellcasting
 + Level 3.4 Transmutations
 * Level 1.7 Ice Magic
 + Level 4.1 Poison Magic


You had 2 spell levels left.
You knew the following spells:

 Your Spells              Type           Power      Damage    Failure   Level
a - Beastly Appendage     Tmut           40%        N/A       10%         1
b - Wereblood             Tmut           20%        N/A       12%         2
c - Spider Form           Tmut/Pois      22%        N/A       19%         3
d - Ice Form              Ice/Tmut       16%        N/A       56%         4

Your spell library contained the following spells:

 Spells                   Type           Power      Damage    Failure   Level
 Dazzling Flash           Conj/Hex       6%         N/A       54%         3
 Gell's Gravitas          Tloc           3%         N/A       54%         3
 Lesser Beckoning         Tloc           3%         N/A       54%         3
 Teleport Other           Tloc           3%         N/A       54%         3
 Iskenderun's Mystic Bla  Conj/Tloc      3%         2d3       87%         4
 Starburst                Conj/Fire      1%         6d3       100%        6


Dungeon Overview and Level Annotations

Branches:
Dungeon (5/15)
 Temple: D:4-7

Altars:
Elyvilon
Okawaru
Wu Jian
Yredelemnul
Zin

Shops:
D:1 [

Portals:
Abyss: D:3

Annotations:
D:3 2 transporters, Hasart's ghost, weakling DgFi
D:5 Menkaure


Innate Abilities, Weirdness & Mutations

You are a venomous arachnid creature.
You have poisonous fangs.
You are tiny and dextrous.
Your spellcasting is less reliable in this form.
Your armour is entirely melded.
You are incapable of wielding weapons or throwing items.
You cannot wear most types of armour.
((You are amphibious.))
You can wear up to eight rings at the same time.
((Your skin changes colour to match your surroundings (Stealth+).))
((Your rubbery body absorbs attacks. (AC +1, EV +1)))
((You are camouflaged when in or above water. (Stealth+)))
((You have tentacles for arms and can constrict up to eight enemies at once.))


Message History

You kill the orc!
You bite the centaur skeleton!
The centaur skeleton is moderately damaged.
The centaur skeleton hits you. The centaur skeleton barely misses you.
An orc comes into view. It is wielding a +0 hand axe.
You hit the centaur skeleton.
The centaur skeleton is severely damaged.
The centaur skeleton completely misses you.
The centaur skeleton kicks you but does no damage.
A centaur skeleton comes into view.
You bite the centaur skeleton!
The centaur skeleton is almost destroyed.
The centaur skeleton hits you but does no damage.
The centaur skeleton misses you.
You barely miss the howler monkey. You hit the howler monkey.
The howler monkey is moderately wounded.
The howler monkey closely misses you.
You hit the two-headed ogre.
The two-headed ogre is poisoned.
The two-headed ogre is lightly wounded.
You hit the two-headed ogre.
The two-headed ogre looks as sick as possible!
The two-headed ogre is lightly wounded.
The two-headed ogre closely misses you.
The two-headed ogre hits you with a +0 giant club!
You hiss as the wereblood boils in your veins!
An orc comes into view. It is wielding a +0 short sword.
The howler monkey hoots and howls with incredible vigour!
You hear a bark!
You hear a shout!
You hear a bark! x2
A scorpion comes into view.
The scorpion completely misses you.
You hit the scorpion but do no damage.
Your primal bloodlust is almost over.
The scorpion stings you.
You hit the scorpion.
The scorpion is moderately wounded.
The scorpion stings you.
The two-headed ogre hits you with a +0 giant club!!
Ouch! That really hurt!
You die...

... .. ##.#.... .#... ##.....#.
.##.# .......#.##.##.# .
.......#..#.##.# .#
.....#..#.##.# #..
.........##.# Z.#..
.#.###########.###.###h##Z.....
...M....#......ssO.o.o.Z).#
#.#.####.####.#####..#
#.#....#........ .[#
#.####.#.......... #..
##.####'#+###......# .# #
#..........####..#.# .
######..........# ..#...
#...............# ..# #.
#.......####.#.##


You could see a two-headed ogre (very poisoned), a scorpion, a howler monkey, 2
orcs and a centaur skeleton.

Vanquished Creatures
  Prince Ribbit (D:5)
  A scorpion (D:4)
  2 water moccasin skeletons
  3 hounds
  An orc priest (D:3)
  A centaur skeleton (D:4)
  Crazy Yiuf (D:4)
  2 iguanas
  Robin (D:4)
  4 gnolls (D:5)
  5 adders
  3 adder skeletons
  A dart slug (D:4)
  7 orcs
  4 bats
  9 endoplasms
  3 giant cockroaches
  16 goblins
  8 hobgoblins
  3 jackals (D:1)
  6 kobolds
  4 quokkas
  6 ball pythons
  3 frilled lizards
  5 rats
  A spectral orc (D:5)
101 creatures vanquished.

Notes
Turn   | Place    | Note
-------+----------+-------------------------------------------
     0 | D:1      | Hasart the Octopode Transmuter began the quest for the Orb.
     0 | D:1      | Reached XP level 1. HP: 13/13 MP: 3/3
   231 | D:1      | Reached XP level 2. HP: 14/18 MP: 5/5
   549 | D:1      | Learned a level 2 spell: Wereblood
   620 | D:1      | Found Dask's Antique Armour Shop.
  1172 | D:2      | Reached XP level 3. HP: 22/23 MP: 4/6
  1176 | D:2      | Learned a level 3 spell: Spider Form
  1255 | D:2      | Found a basalt altar of Yredelemnul.
  1443 | D:2      | Found a faded altar of an unknown god.
  1457 | D:2      | Found a faded altar of an unknown god.
  1730 | D:3      | Reached skill level 1 in Poison Magic
  2154 | D:3      | Reached XP level 4. HP: 18/28 MP: 4/7
  2688 | D:3      | Reached XP level 5. HP: 20/34 MP: 8/8
  2851 | D:3      | Found a transporter.
  2851 | D:3      | Noticed Hasart's ghost (weakling DgFi)
  2856 | D:3      | Found a transporter.
  2890 | D:3      | Found a one-way gate to the infinite horrors of the Abyss.
  3391 | D:4      | Noticed Robin
  3734 | D:4      | Found a white marble altar of Elyvilon.
  3825 | D:4      | Reached skill level 4 in Unarmed Combat
  4175 | D:4      | Reached XP level 6. HP: 39/39 MP: 5/10
  4234 | D:4      | Found a glowing silver altar of Zin.
  4520 | D:4      | Found a runed translucent door.
  4521 | D:4      | Noticed Crazy Yiuf
  4683 | D:4      | Killed Robin
  5106 | D:4      | Found an iron altar of Okawaru.
  5118 | D:4      | Found an ornate altar of the Wu Jian Council.
  5423 | D:4      | Killed Crazy Yiuf
  5558 | D:5      | Entered Level 5 of the Dungeon
  5583 | D:5      | Reached XP level 7. HP: 45/45 MP: 7/11
  5615 | D:5      | Learned a level 4 spell: Ice Form
  5704 | D:5      | Noticed Prince Ribbit
  5726 | D:5      | Killed Prince Ribbit
  5727 | D:5      | Reached skill level 5 in Unarmed Combat
  5727 | D:5      | Reached skill level 1 in Ice Magic
  5838 | D:5      | Found a basalt altar of Yredelemnul.
  5944 | D:5      | Noticed Menkaure
  6031 | D:5      | Noticed a two-headed ogre
  6051 | D:5      | Slain by a two-headed ogre

Illustrated notes

Levels and vault maps discovered:
D:1:      ebering_hopf_link, layout_basic, serial_shops, shop
D:2:      layout_basic, basic_altar, hellmonk_ecumenical_altar_the_god_not_taken
D:3:      layout_basic, gammafunk_ghost_abyssal_escape
D:4:      layout_loops_corners, mainiacjoe_overflow_paths,
          amethyst_overflow_temple_binary, kennysheep_little_box, st_stairs_10,
          kennysheep_generic_room_3, uniq_crazy_yiuf_cottage, uniq_robin
D:5:      cheibrodos_fzero, layout_basic, yredelemnul_forgotten_temple_becter,
          serial_glass, glass_columns_a, glass_columns_a, glass_columns_a,
          glass_columns_a, uniq_menkaure, uniq_prince_ribbit1, uniq_eustachio

Skill      XL: |  1  2  3  4  5  6  7 |
---------------+----------------------+-----
Poison Magic   | 1 2 3 4 |  4.1
Fighting       | 2 3 |  3.0
Unarmed Combat | 4 5 |  5.1
Dodging        | 3 |  3.4
Transmutations | 3 |  3.4
Spellcasting   | 3 |  3.2
Ice Magic      | 1 |  1.7

Action                   |  1- 3 |  4- 6 |  7- 9 || total
-------------------------+-------+-------+-------++-------
Melee: Unarmed           |    77 |   153 |    49 ||   279
       Tentacles         |    19 |    30 |     5 ||    54
       Constrict         |    15 |    25 |     3 ||    43
       Punch             |     3 |     1 |     1 ||     5
       Kick              |       |     2 |       ||     2
 Cast: Wereblood         |     1 |     4 |     1 ||     6
       Beastly Appendage |       |     1 |       ||     1
       Spider Form       |       |     5 |     4 ||     9
 Stab: Sleeping          |     9 |     7 |       ||    16
       Distracted        |       |     1 |       ||     1
Armor: Skin              |     6 |    27 |     6 ||    39
Dodge: Dodged            |    37 |    96 |    35 ||   168
